 Dungeon Crawl Stone Soup version 0.20.1-1-g8b1a95d (webtiles) character file.

440520 letownia2 the Executioner (level 23, -3/218 HPs)
             Began as a Deep Dwarf Necromancer on Nov 4, 2017.
             Was an Initiate of Gozag.
             Shot with a bolt by a yaktaur captain (11 damage)
             ... on level 5 of the Vaults.
             The game lasted 04:09:32 (68883 turns).

letownia2 the Executioner (Deep Dwarf Necromancer) Turns: 68883, Time: 04:09:33

Health: -3/218     AC: 33    Str: 36    XL:     23   Next: 1%
Magic:  37/37      EV: 16    Int: 18    God:    Gozag
Gold:   3664       SH:  0    Dex: 16    Spells: 8/43 levels left

rFire    + . .     SeeInvis +   a - +8 frozen axe "Frostbite" {freezing cloud, *Noise +Fly rC+}
rCold    + . .     Gourm    .   (shield currently unavailable)
rNeg     + . .     Faith    .   p - +3 plate armour {rF+}
rPois    .         Spirit   .   h - +1 helmet {SInv}
rElec    .         Reflect  .   c - scarf of Honour {Str+6 Dex+3 Stlth+}
rCorr    +         Harm     .   J - +1 pair of gloves {archery}
MR       +++..                  E - +0 pair of boots of Odoitzu {Str+3}
Stlth    ..........             (no amulet)
Regen    0.0/turn               S - ring of the Echidna {rCorr Str+7}
MPRegen  0.3/turn               G - +6 ring of protection

@: non-regenerating
A: damage resistance, heal wounds, negative energy resistance 1, sense
surroundings 3, no regeneration
}: 2/15 runes: serpentine, barnacled
a: Heal Wounds, Potion Petition, Call Merchant, Bribe Branch, Renounce Religion,
Evoke Flight


You were on level 5 of the Vaults.
You worshipped Gozag.
Gozag was most pleased with you.
You were not hungry.

You visited 8 branches of the dungeon, and saw 40 of its levels.
You visited 1 bazaar.
You also visited: Sewer and Volcano.

You collected 22593 gold pieces.
You spent 2277 gold pieces at shops.
You paid 16652 gold pieces to Gozag.

Inventory:

Hand Weapons
 a - the +8 frozen axe "Frostbite" (weapon) {freezing cloud, *Noise +Fly rC+}
   (You bought it in a shop on level 13 of the Dungeon)

   It has been specially enchanted to freeze those struck by it, causing extra
   injury to most foes and up to half again as much damage against particularly
   susceptible opponents.
   It can also slow down cold-blooded creatures.
   It protects you from cold.
   It lets you fly.
   It may make noises in combat.
 b - the +0 trident "Orb Guardian's Foe" {pierce, rElec rC+ MR+ Str-3}
   (You found it on level 13 of the Dungeon)

   It inflicts extra damage upon your enemies.
   It affects your strength (-3).
   It protects you from cold.
   It insulates you from electricity.
   It affects your resistance to hostile enchantments.
 d - the +6 arbalest "Damnation" {damnation}
   (You found it on level 1 of the Elven Halls)
 H - the +9 great sword of Gallantry {vamp, MR++ SInv, unknown}
   (You found it on level 4 of the Vaults)

   It inflicts no extra harm, but heals its wielder when it wounds a living foe.
   It affects your resistance to hostile enchantments.
   It lets you see invisible.
Missiles
 n - 2 throwing nets (quivered)
 y - 1427 bolts
Armour
 c - the scarf of Honour (worn) {Str+6 Dex+3 Stlth+}
   (You acquired it on level 2 of the Lair of Beasts)

   It affects your strength (+6).
   It affects your dexterity (+3).
   It makes you more stealthy.
 h - a +1 helmet of see invisible (worn)
 p - a +3 plate armour of fire resistance (worn)
 E - the +0 pair of boots of Odoitzu (worn) {Str+3}
   (You acquired it on level 3 of the Elven Halls)

   It affects your strength (+3).
 J - a +1 pair of gloves of archery (worn)
 M - a +3 plate armour of cold resistance
Magical Staves
 e - an uncursed staff of death
Jewellery
 r - an uncursed ring of protection from magic
 u - an uncursed ring of protection from fire
 G - a +6 ring of protection (right hand)
 L - the ring of the Disturbing Shrikes {+Inv rC+ Stlth+}
   (You took it off a deep elf demonologist on level 3 of the Elven Halls)

   [ring of stealth]

   It protects you from cold.
   It lets you turn invisible.
   It makes you more stealthy.
 S - the ring of the Echidna (left hand) {rCorr Str+7}
   (You took it off a merfolk on level 4 of the Shoals)

   [ring of resist corrosion]

   It affects your strength (+7).
Wands
 B - a wand of iceblast (6/15)
 F - a wand of acid (8/15)
 Q - a wand of acid (1/15)
Scrolls
 i - 14 scrolls of identify
 j - 3 scrolls of summoning
 q - 3 scrolls of immolation
 s - a scroll of fog
 x - 3 scrolls of blinking
 z - 5 scrolls of remove curse
 A - 9 scrolls of recharging
 K - 7 scrolls of teleportation
 V - a scroll of holy word
 W - 8 scrolls of magic mapping
 X - a scroll of torment
 Y - a scroll of silence
Potions
 f - 3 potions of curing
 g - 4 potions of flight
 m - 5 potions of lignification
 o - 3 potions of brilliance
 t - 8 potions of mutation
 v - 4 potions of might
 w - 3 potions of cancellation
 N - 5 potions of heal wounds
 O - 3 potions of haste
 R - 2 potions of agility
 U - 3 potions of magic
 Z - a potion of ambrosia
Books
 D - a book of the Sky

   Spells                             Type                      Level
   a - Summon Lightning Spire         Summoning/Air                4
   b - Silence                        Hexes/Air                    5
   c - Deflect Missiles               Charms/Air                   6
   d - Conjure Ball Lightning         Conjuration/Air              6
   e - Tornado                        Air                          9
Miscellaneous
 k - a phial of floods
 l - a lightning rod (4/4)
 I - a phantom mirror
Comestibles
 C - 2 bread rations


   Skills:
 + Level 15.6 Fighting
 - Level 25.9(26.0) Axes
   Level 3.0(16.9) Maces & Flails
 + Level 16.0 Armour
 + Level 10.6 Dodging
 - Level 2.4 Stealth
 + Level 10.6 Spellcasting
 - Level 4.0 Conjurations
 - Level 2.8 Hexes
 - Level 4.7 Charms
 + Level 16.1 Necromancy
 - Level 3.7 Translocations
 - Level 3.9 Fire Magic
 - Level 4.9 Air Magic
 - Level 2.5 Poison Magic
 - Level 5.8 Evocations


You had 8 spell levels left.
You knew the following spells:

 Your Spells              Type           Power        Failure   Level  Hunger
a - Pain                  Necr           ####         1%          1    None
b - Blink                 Tloc           N/A          10%         2    None
c - Conjure Flame         Conj/Fire      ###.....     17%         3    None
d - Dispel Undead         Necr           ######..     1%          5    #####..
e - Mephitic Cloud        Conj/Pois/Air  ###.....     19%         3    None
f - Magic Dart            Conj           ###.         5%          1    None
g - Poisonous Vapours     Pois/Air       ###...       10%         2    None
l - Song of Slaying       Chrm           ####....     6%          2    None
r - Deflect Missiles      Chrm/Air       ####......   99%         6    ######.
s - Swiftness             Chrm/Air       ####....     6%          2    None
t - Shroud of Golubria    Chrm/Tloc      ###.......   8%          2    None
v - Vampiric Draining     Necr           ######....   1%          3    None
x - Spectral Weapon       Hex/Chrm       ###.....     19%         3    None


Dungeon Overview and Level Annotations

Branches:
Dungeon (15/15)            Temple (1/1) D:5            Lair (6/6) D:9
 Shoals (4/4) Lair:2        Snake (4/4) Lair:3        Slime (0/5) Lair:5
    Orc (2/2) D:9             Elf (3/3) Orc:2        Vaults (5/5) D:13
  Crypt (0/3) Vaults:3     Depths (0/5) D:15

Altars:
Cheibriados
Dithmenos
Fedhas
Gozag
Hepliaklqana
Makhleb
Okawaru
Ru
Sif Muna
Trog
Uskayaw
Vehumet
Xom
Yredelemnul
Zin
The Shining One
Beogh
Jiyva

Shops:
D:9 *[=[   D:13 *   Orc:2 }([*:   Lair:2 :=[**=[   Shoals:1 *}[!   Shoals:2 **(
Snake:1 =}=   Snake:3 ?   Vaults:3 [

Annotations:
D:3 Gremour's ghost, amateur TeHu
D:4 Schiappus's ghost, amateur TrBe
D:12 Rupert
Lair:5 Irenicus's ghost, journeyman DDBe
Elf:2 5 runed doors


Innate Abilities, Weirdness & Mutations

You are resistant to damage.
You can heal yourself by infusing magical energy.
You resist negative energy. (rN+)
You passively map a large area around you.
You do not regenerate.


Message History

The bolt of lightning misses you.
The stone giant throws a large rock.
The large rock hits you!
* * * LOW HITPOINT WARNING * * *
The yaktaur captain shoots a bolt.
The bolt hits you!
* * * LOW HITPOINT WARNING * * *
The frost giant casts a spell at you. The bolt of cold hits you! You resist.
* * * LOW HITPOINT WARNING * * *
You hear a shout!
There is a stone staircase leading up, spattered with blood here.
Things that are here:
21 gold pieces; 15 bolts; 3 large rocks The titan hits you!!
* * * LOW HITPOINT WARNING * * *
The frost giant casts a spell at you. The bolt of cold hits you! You resist.
* * * LOW HITPOINT WARNING * * *
The yaktaur captain shoots a bolt.
The bolt hits you!
You die...
Your body crumbles into a pile of gold.

, , ,#..(.#...... ,
* , #....#.....# ,,
, , ,
$$#..#....#....# .,
, ,,, ,
,#..#.C..#...# ..
,, *** *
###..#..(.#..# ...,
, ,
....C#....#.##....
,, ,
,........().......
**
#####...[[[(.######
* ,
.......(<@[$(......
.......DC)<$.......
,
.......(<<).(......
,,
............(......
, *
#####([......######
, #............ , ,
, ,* *
#...#....#.... , ,
,*, #.#.#....#..c..
* ,*
,#.#.#....#..... ,


You could see a titan, a storm dragon, a frost giant, a stone giant and a
yaktaur captain.

Vanquished Creatures
  An ancient lich (Vaults:5)
  Saint Roka (Snake:3)
  Xtahua (Vaults:2)
  A golden dragon (Vaults:5)
  A titan (Vaults:5)
  A tentacled monstrosity (Vaults:5)
  The ghost of Zogzag the Earth Mage, an adept HuEE of Vehumet (Elf:3)
  2 deep elf blademasters (Elf:3)
  2 deep elf master archers (Elf:3)
  Gastronok (D:12)
  2 sphinxes
  Kirke (D:12)
  2 shadow dragons (Vaults:4)
  A revenant (Vaults:3)
  Ilsuiw (Shoals:4)
  12 nagarajas
  3 fire giants
  3 orc warlords
  An iron dragon (Vaults:4)
  12 vault wardens
  9 deep elf sorcerers
  6 deep elf elementalists
  2 ghouls
  16 ironheart preservers
  5 stone giants
  2 war gargoyles (Vaults:5)
  A vampire knight (Vaults:3)
  10 deep elf demonologists
  2 entropy weavers
  A red draconian (Volcano)
  11 deep elf annihilators
  Azrael (D:12)
  4 ettins
  2 dire elephants (Lair:6)
  9 deep elf death magi
  3 merfolk javelineers
  5 fire dragons
  8 merfolk impalers
  2 deep elf high priests (Vaults:5)
  A crystal guardian (Vaults:4)
  10 yaktaur captains
  3 great orbs of eyes
  2 ice dragons
  Josephine (D:12)
  The ghost of Ib0110 the Carver, a journeyman MiFi of Makhleb (Shoals:1)
  The ghost of dstrtn the Quickloader, a journeyman KoAM of Fedhas (Volcano)
  12 hydras
  3 rakshasas (Vaults:1)
  14 naga warriors
  A catoblepas (Lair:6)
  Erica (Lair:2)
  28 vault guards
  4 merfolk avatars
  A queen ant (D:9)
  9 centaur warriors
  A tengu warrior (D:15)
  4 death knights
  A satyr (Shoals:4)
  5 deep troll shamans
  5 anacondas
  21 two-headed ogres
  6 merfolk aquamancers
  A satyr (shapeshifter) (Vaults:4)
  9 ogre magi
  2 deep troll earth magi
  6 death yaks
  Urug (Orc:2)
  18 naga sharpshooters
  4 shock serpents
  24 deep elf knights
  2 orc high priests
  2 salamander mystics
  5 unseen horrors
  A skeletal warrior (Vaults:1)
  A death drake (shapeshifter) (Vaults:5)
  11 sea snakes
  An unseen horror (shapeshifter) (Vaults:4)
  4 wizards
  A glowing orange brain (Vaults:1)
  20 deep trolls
  10 harpies
  18 deep elf archers
  11 naga ritualists
  A flayed ghost (Vaults:1)
  21 orc knights
  A mana viper (shapeshifter) (Vaults:5)
  2 phantasmal warriors
  2 necromancers
  17 ironbrand convokers
  A lindwurm (Lair:6)
  12 mana vipers
  3 wolf spiders
  51 ugly things
  6 orc sorcerers
  24 manticores
  80 deep elf magi
  6 fauns
  A frost giant zombie (Vaults:2)
  17 salamanders
  11 elephants (Lair:6)
  7 cyclopes
  A moth of wrath (shapeshifter) (Vaults:1)
  13 merfolk sirens
  14 vault sentinels
  10 water nymphs
  Maurice (D:9)
  3 guardian serpents
  36 black mambas
  An eye of devastation (shapeshifter) (Vaults:1)
  A torpor snail (Lair:6)
  4 gargoyles
  35 naga magi
  A water nymph (shapeshifter) (Vaults:2)
  A spiny frog (shapeshifter) (Vaults:3)
  4 rime drakes (Lair:6)
  12 spiny frogs
  37 yaktaurs
  A kobold demonologist (D:13)
  8 freezing wraiths
  11 komodo dragons
  A yaktaur (shapeshifter) (Vaults:1)
  An efreet (D:15)
  5 wind drakes
  2 tengu conjurers (D:14)
  A meliai (shapeshifter) (Vaults:4)
  A polar bear (Lair:3)
  7 trolls
  29 merfolk
  2 hornets (shapeshifter)
  3 hornets
  Grinder (D:6)
  12 blink frogs
  A stone giant simulacrum (Vaults:2)
  14 hippogriffs
  10 dream sheep
  44 slime creatures
  A centaur simulacrum (D:14)
  11 snapping turtles
  A redback (shapeshifter) (D:14)
  13 wraiths
  4 air elementals
  13 water elementals
  Sigmund (D:3)
  3 shadows
  A spriggan (D:9)
  10 fire elementals
  39 yaks
  4 wyverns
  A tarantella (Vaults:3)
  2 hogs (D:11)
  11 vampire mosquitoes (D:15)
  5 basilisks
  7 fire bats (Volcano)
  2 hungry ghosts
  68 nagas
  8 wargs
  5 swamp worms (Lair:2)
  14 soldier ants (D:9)
  3 acid dragons
  4 hell hounds
  A water moccasin (shapeshifter) (Vaults:4)
  10 water moccasins
  5 porcupines
  65 orc warriors
  5 sky beasts
  Purgy (Sewer)
  9 ice beasts
  7 phantoms
  3 black bears (shapeshifter)
  An ettin simulacrum (Vaults:4)
  3 black bears
  A human zombie (Vaults:2)
  A necrophage (D:9)
  10 wolves (Lair:6)
  A boggart (shapeshifter) (Vaults:2)
  28 ogres
  A tengu (shapeshifter) (Elf:2)
  An eye of draining (D:12)
  7 boggarts
  16 centaurs
  A human skeleton (Vaults:2)
  14 crocodiles
  Blork the orc (D:6)
  2 big kobolds (D:10)
  A gnoll sergeant (D:13)
  21 bullfrogs
  5 earth elementals
  A wyvern zombie (D:9)
  A wyvern skeleton (D:14)
  3 scorpions
  A scorpion (shapeshifter) (Elf:1)
  A troll zombie (D:9)
  9 killer bees
  4 electric eels
  5 howler monkeys
  2 bullfrog zombies
  9 crimson imps
  3 centaur zombies
  9 lava snakes (Volcano)
  A quasit (D:13)
  7 hounds
  6 jellies
  6 centaur skeletons
  34 orc priests
  3 bullfrog skeletons
  26 orc wizards
  6 iguanas
  40 worker ants
  3 hell rats
  3 killer bee zombies
  5 ogre zombies (D:9)
  3 hound zombies
  2 hound skeletons
  A worker ant zombie (D:7)
  A howler monkey skeleton (D:8)
  12 gnolls
  12 adders
  9 river rats
  5 shadow imps
  2 oozes
  An adder zombie (D:9)
  An adder skeleton (D:6)
  13 worms
  3 dart slugs
  2 leopard geckos
  96 orcs
  11 giant cockroaches
  10 goblins
  5 hobgoblins
  2 jackals (D:2)
  3 quokkas
  2 ball pythons
  11 bats
  6 frilled lizards
  2 goblin zombies (D:9)
  3 hobgoblin skeletons (D:9)
  A jackal skeleton (D:4)
  18 kobolds
  An orc skeleton (D:9)
  13 orc zombies (D:9)
  A quokka skeleton (D:6)
  11 rats
  4 fungi
  10 plants
1944 creatures vanquished.

Vanquished Creatures (collateral kills)
  A deep elf mage (Vaults:1)
1 creature vanquished.

Vanquished Creatures (others)
  An ogre mage (Vaults:3)
  14 dancing weapons
  A slime creature (D:12)
  5 humans
  A naga (Snake:4)
  An orc wizard (D:12)
  An adder (D:12)
  2 kobolds (D:10)
  28 fungi
  28 plants
82 creatures vanquished.

Grand Total: 2027 creatures vanquished

Notes
Turn   | Place    | Note
-------+----------+-------------------------------------------
     0 | D:1      | letownia2 the Deep Dwarf Necromancer began the quest for the Orb.
     0 | D:1      | Reached XP level 1. HP: 15/15 MP: 3/3
   320 | D:2      | Reached XP level 2. HP: 20/22 MP: 3/5
   587 | D:3      | Noticed Gremour's ghost (amateur TeHu)
   596 | D:3      | Noticed Sigmund
   614 | D:3      | Reached skill level 5 in Necromancy
   751 | D:4      | Got a warped whip
   752 | D:4      | Identified the +8 whip "Weuxeas" {speed, rElec rF+ Str+3} (You found it on level 4 of the Dungeon)
   798 | D:4      | Found a shimmering altar of Xom.
   799 | D:4      | Noticed an ogre
   861 | D:4      | Reached XP level 3. HP: 10/28 MP: 0/6
   866 | D:4      | Learned a level 3 spell: Vampiric Draining
  1257 | D:4      | Reached XP level 4. HP: 20/36 MP: 1/7
  1555 | D:3      | Killed Sigmund
  1555 | D:3      | Reached XP level 5. HP: 6/42 MP: 1/8
  1555 | D:3      | Reached XP level 6. HP: 7/49 MP: 1/9
  1940 | D:4      | Found a snail-covered altar of Cheibriados.
  1946 | D:4      | Found a radiant altar of Vehumet.
  1994 | D:5      | Entered Level 5 of the Dungeon
  2080 | D:4      | Noticed Schiappus's ghost (amateur TrBe)
  2151 | D:5      | Found a glowing drain.
  2203 | D:5      | Found a staircase to the Ecumenical Temple.
  2213 | Temple   | Entered the Ecumenical Temple
  2266 | Temple   | Became a worshipper of Gozag Ym Sagoz the Greedy
  2319 | D:5      | Learned a level 1 spell: Magic Dart
  2451 | D:5      | Found a bloodstained altar of Trog.
  2493 | Sewer    | Entered a sewer
  2496 | Sewer    | Noticed Purgy
  2504 | Sewer    | Killed Purgy
  2504 | Sewer    | Reached XP level 7. HP: 41/55 MP: 11/13
  2979 | D:5      | Reached skill level 1 in Armour
  2990 | D:5      | Reached skill level 1 in Fighting
  2992 | D:5      | Reached skill level 5 in Spellcasting
  5242 | D:6      | Found a deep blue altar of Sif Muna.
  5242 | D:6      | Found a sacrificial altar of Ru.
  5309 | D:6      | Noticed Blork the orc
  5316 | D:6      | Killed Blork the orc
  5316 | D:6      | Reached XP level 8. HP: 42/67 MP: 2/15
  5411 | D:6      | Noticed Grinder
  5458 | D:6      | Killed Grinder
  6335 | D:7      | Reached skill level 1 in Maces & Flails
  6463 | D:7      | Reached skill level 1 in Evocations
  6486 | D:7      | You fall through a shaft!
  6491 | D:8      | Gained mutation: You passively map the area around you. [Deep Dwarf growth]
  6491 | D:8      | Reached XP level 9. HP: 53/78 MP: 8/18
  6619 | D:8      | Found a blossoming altar of Fedhas.
  7518 | D:8      | Reached skill level 5 in Armour
  7613 | D:8      | Learned a level 2 spell: Swiftness
  7733 | D:9      | Noticed a queen ant
  7825 | D:9      | Killed a queen ant
  7825 | D:9      | Reached XP level 10. HP: 56/85 MP: 16/21
  8045 | D:9      | Reached skill level 5 in Evocations
  8627 | D:9      | Noticed Maurice
  8639 | D:9      | Killed Maurice
  8714 | D:9      | Found a staircase to the Orcish Mines.
  8741 | D:9      | Reached skill level 5 in Fighting
  8741 | D:9      | Reached skill level 10 in Necromancy
  8952 | D:9      | Found a staircase to the Lair.
  8978 | D:9      | Reached XP level 11. HP: 55/97 MP: 2/23
  9100 | D:9      | Found Gaer's Assorted Antiques.
  9691 | Orc:1    | Entered Level 1 of the Orcish Mines
  9740 | Orc:2    | Entered Level 2 of the Orcish Mines
  9740 | Orc:2    | Noticed an orc knight
  9777 | D:10     | Entered Level 10 of the Dungeon
 10021 | D:10     | Noticed a two-headed ogre
 10033 | D:10     | Killed a two-headed ogre
 10141 | D:10     | Got an ichor-stained spear
 10142 | D:10     | Identified the +1 spear of Guile {pierce, Dex+8} (You found it on level 10 of the Dungeon)
 10542 | D:10     | Found an iron altar of Okawaru.
 11376 | D:11     | Noticed a two-headed ogre
 11564 | D:11     | Killed a two-headed ogre
 12263 | Lair:1   | Entered Level 1 of the Lair of Beasts
 12312 | Lair:1   | Reached skill level 1 in Axes
 12325 | Lair:1   | Noticed an eight-headed hydra
 12345 | Lair:1   | Killed an eight-headed hydra
 12345 | Lair:1   | Reached XP level 12. HP: 93/110 MP: 11/25
 12402 | Lair:1   | Reached skill level 2 in Axes
 12847 | Lair:1   | Reached skill level 3 in Axes
 13122 | Lair:1   | Reached skill level 4 in Axes
 13488 | D:9      | Bought a scroll labeled IRROMUMEHI for 37 gold pieces
 13488 | D:9      | Bought a scroll labeled NIB ASITYNUESSOW for 37 gold pieces
 13693 | Lair:2   | Found a staircase to the Shoals.
 13703 | Lair:2   | Noticed Erica
 14087 | Lair:2   | Reached skill level 5 in Axes
 14383 | Lair:2   | Reached skill level 6 in Axes
 14807 | D:12     | Noticed Josephine
 14846 | D:11     | Reached skill level 7 in Axes
 15451 | D:12     | Reached skill level 8 in Axes
 15511 | D:12     | Noticed Rupert
 15565 | D:12     | Noticed Kirke
 15682 | Lair:2   | Killed Erica
 15770 | Lair:3   | Reached skill level 9 in Axes
 16284 | Lair:3   | Reached XP level 13. HP: 102/119 MP: 5/26
 16494 | Lair:3   | Reached skill level 10 in Axes
 16940 | Lair:3   | Found a staircase to the Snake Pit.
 18338 | Orc:2    | Found a staircase to the Elven Halls.
 18682 | Orc:1    | Found a radiant altar of Vehumet.
 19111 | Orc:2    | Noticed an orc warlord
 19437 | Orc:2    | Killed an orc warlord
 19647 | Orc:2    | Reached skill level 11 in Axes
 20022 | Orc:2    | Noticed Urug
 20036 | Orc:2    | Killed Urug
 20185 | Orc:2    | Found a roughly hewn altar of Beogh.
 20277 | Orc:1    | Reached skill level 12 in Axes
 20396 | Orc:2    | Found Misibiod's Book Shoppe.
 20441 | Orc:2    | Found Guveerec's Gadget Shoppe.
 20516 | Orc:2    | Found Woqigagg's Antique Weapon Shoppe.
 20531 | Orc:2    | Found Anateing's General Store.
 20546 | Orc:2    | Found Xaulylef's Antique Armour Shoppe.
 20554 | Orc:2    | Bought a pair of ancient boots for 237 gold pieces
 20559 | Orc:2    | Identified the cursed -4 pair of boots of the Elephant {Regen+ rCorr Int+4 SInv} (You bought it in a shop on level 2 of the Orcish Mines)
 21382 | D:12     | Killed Kirke
 21505 | D:12     | Reached skill level 13 in Axes
 21732 | D:12     | Gained mutation: You resist negative energy. (rN+) [Deep Dwarf growth]
 21732 | D:12     | Reached XP level 14. HP: 96/127 MP: 22/27
 21774 | D:12     | Noticed Azrael
 21836 | D:12     | Killed Azrael
 21966 | D:12     | Noticed Gastronok
 22127 | D:12     | Killed Josephine
 22233 | D:13     | Reached skill level 14 in Axes
 22442 | D:13     | Got an ancient trident
 22446 | D:13     | Identified the +0 trident "Orb Guardian's Foe" {pierce, rElec rC+ MR+ Str-3} (You found it on level 13 of the Dungeon)
 22859 | D:12     | Killed Gastronok
 23119 | D:13     | Reached skill level 15 in Axes
 23199 | D:13     | Found a gate to the Vaults.
 23910 | D:14     | Reached skill level 16 in Axes
 24099 | D:14     | Learned a level 2 spell: Shroud of Golubria
 24110 | D:14     | Learned a level 2 spell: Song of Slaying
 24123 | D:14     | Learned a level 3 spell: Spectral Weapon
 24253 | D:14     | Reached skill level 1 in Charms
 24931 | Lair:5   | Noticed Irenicus's ghost (journeyman DDBe)
 25157 | Lair:5   | Found a viscous altar of Jiyva.
 25157 | Lair:5   | Found a staircase to the Slime Pits.
 25842 | Lair:6   | Entered Level 6 of the Lair of Beasts
 25958 | Lair:6   | Reached XP level 15. HP: 124/135 MP: 8/28
 25989 | Lair:6   | Found a dark tunnel.
 26006 | Volcano  | Entered a volcano
 26191 | Volcano  | Noticed dstrtn's ghost (journeyman KoAM)
 26218 | Volcano  | Killed dstrtn's ghost
 26309 | Volcano  | Reached skill level 17 in Axes
 26436 | Volcano  | Found a burning altar of Makhleb.
 27316 | Lair:6   | Reached skill level 10 in Armour
 29511 | D:15     | Entered Level 15 of the Dungeon
 30424 | D:15     | Reached XP level 16. HP: 95/146 MP: 0/29
 30513 | D:14     | Reached skill level 10 in Fighting
 30875 | D:15     | Reached skill level 5 in Dodging
 30950 | D:15     | Found a staircase to the Depths.
 31329 | Shoals:1 | Entered Level 1 of the Shoals
 31608 | Shoals:1 | Found Petej's Armour Emporium.
 31800 | Shoals:1 | Noticed Ib0110's ghost (journeyman MiFi)
 31827 | Shoals:1 | Found Quton's Assorted Antiques.
 31907 | Shoals:1 | Found Zeabroa's General Store.
 31983 | Snake:1  | Entered Level 1 of the Snake Pit
 32225 | Snake:1  | Found Bygreal's Jewellery Shoppe.
 32227 | Snake:1  | Found Kydaich's Gadget Boutique.
 32228 | Snake:1  | Found Xakh's Jewellery Shoppe.
 32333 | Snake:1  | HP: 2/148 [naga sharpshooter/arrow (19)]
 32777 | Elf:1    | Entered Level 1 of the Elven Halls
 33205 | Elf:1    | Reached skill level 18 in Axes
 33757 | Elf:1    | Identified the Handbook of Attacks
 33767 | Elf:1    | Learned a level 3 spell: Conjure Flame
 33989 | Elf:1    | Reached skill level 1 in Conjurations
 33989 | Elf:1    | Reached skill level 1 in Fire Magic
 34168 | D:13     | Bought the +8 frozen axe "Frostbite" {freezing cloud, *Noise +Fly rC+} for 1765 gold pieces
 36284 | Shoals:1 | Killed Ib0110's ghost
 36456 | Shoals:1 | Found Fuiddib's Distillery.
 36586 | Shoals:1 | Found Fintuaho's Gadget Boutique.
 36872 | Shoals:2 | Found Bakar's Assorted Antiques.
 36894 | Shoals:2 | Found Jameveco's General Store.
 37139 | Shoals:2 | Reached XP level 17. HP: 116/157 MP: 14/30
 37280 | Shoals:2 | Found Kiessah's Antique Weapon Shoppe.
 39331 | Elf:2    | Found a huge runed gate.
 39331 | Elf:2    | Found a huge runed gate.
 39331 | Elf:2    | Found a huge runed gate.
 39331 | Elf:2    | Found a huge runed gate.
 39332 | Elf:2    | Found a huge runed gate.
 40197 | Elf:2    | Reached skill level 19 in Axes
 43161 | Snake:3  | Noticed Saint Roka
 43408 | Snake:3  | Killed Saint Roka
 43738 | Snake:3  | Reached skill level 20 in Axes
 43876 | Snake:3  | Gained mutation: You passively map a large area around you. [Deep Dwarf growth]
 43876 | Snake:3  | Reached XP level 18. HP: 141/168 MP: 19/31
 43999 | Snake:3  | Found Acox's Magic Scroll Boutique.
 44669 | Snake:4  | Entered Level 4 of the Snake Pit
 46803 | Snake:4  | Reached skill level 21 in Axes
 47602 | Snake:4  | Got a serpentine rune of Zot
 48447 | Shoals:4 | Entered Level 4 of the Shoals
 48467 | Shoals:3 | Reached XP level 19. HP: 93/180 MP: 1/32
 49361 | Shoals:4 | Noticed Ilsuiw
 49776 | Shoals:4 | Killed Ilsuiw
 49837 | Shoals:4 | Got a barnacled rune of Zot
 50195 | Shoals:4 | Reached skill level 22 in Axes
 50244 | Shoals:4 | Learned a level 2 spell: Poisonous Vapours
 50248 | Shoals:4 | Learned a level 3 spell: Mephitic Cloud
 50713 | Shoals:4 | Got a heavily runed silver ring
 50775 | Shoals:4 | Reached skill level 1 in Poison Magic
 50793 | Shoals:4 | Learned a level 5 spell: Dispel Undead
 51066 | Shoals:4 | Reached skill level 1 in Hexes
 51188 | Shoals:4 | Reached skill level 1 in Translocations
 51289 | Lair:2   | Identified the ring of the Echidna {rCorr Str+7} (You took it off a merfolk on level 4 of the Shoals)
 51411 | Vaults:1 | Entered Level 1 of the Vaults
 51563 | Vaults:1 | Reached skill level 1 in Air Magic
 53741 | Vaults:1 | Got a faintly humming large shield
 53748 | Vaults:1 | Identified the cursed +0 large shield "Cubusk" {-Cast rCorr Int+4 SInv} (You found it on level 1 of the Vaults)
 53848 | Vaults:1 | Reached XP level 20. HP: 67/190 MP: 1/33
 54103 | Vaults:1 | Learned a level 2 spell: Blink
 54958 | Elf:3    | Entered Level 3 of the Elven Halls
 54962 | Elf:3    | Noticed Zogzag's ghost (adept HuEE)
 54982 | Elf:3    | Killed Zogzag's ghost
 55611 | Elf:3    | Reached skill level 23 in Axes
 58744 | Vaults:2 | Paralysed by a hornet for 2 turns
 59701 | Vaults:2 | Got a distressingly furry ring mail
 59712 | Vaults:2 | Identified the +3 ring mail "Ixkofrui" {rC+} (You found it on level 2 of the Vaults)
 59991 | Vaults:2 | Found a basalt altar of Yredelemnul.
 60019 | Vaults:2 | Noticed Xtahua
 60024 | Vaults:2 | Killed Xtahua
 60166 | Vaults:2 | Reached XP level 21. HP: 63/199 MP: 13/34
 61482 | Vaults:1 | Reached skill level 24 in Axes
 61676 | Vaults:3 | Found a staircase to the Crypt.
 61942 | Vaults:3 | Found a flickering gateway to a bazaar.
 62262 | Vaults:3 | Reached skill level 25 in Axes
 62486 | Bazaar   | Entered a bazaar
 62486 | Bazaar   | Found Hain's Food Shoppe.
 62486 | Bazaar   | Found Tacs's Food Emporium.
 62490 | Bazaar   | Found Feaso's Assorted Antiques.
 62497 | Bazaar   | Bought a scroll labeled ZUOQORCHAHA for 21 gold pieces
 62503 | Bazaar   | Found Gigip's Magic Scroll Emporium.
 62522 | Bazaar   | Bought a bread ration for 45 gold pieces
 62522 | Bazaar   | Bought a bread ration for 45 gold pieces
 62522 | Bazaar   | Bought a bread ration for 45 gold pieces
 62522 | Bazaar   | Bought a bread ration for 45 gold pieces
 64429 | Elf:3    | Got a bound steel ring
 64512 | Elf:3    | Identified the Catalogue of Confrontation and Black Rituals
 64554 | Elf:3    | Identified Sif Muna's Grimoire of Augmentations
 64584 | Elf:3    | Identified Sukucwy's Compendium of Supportive Augmentations
 64585 | Elf:3    | Identified the Grimoire of Toxins and the Rocks
 64589 | Elf:3    | Identified the ring of the Disturbing Shrikes {+Inv rC+ Stlth+} (You took it off a deep elf demonologist on level 3 of the Elven Halls)
 64691 | Elf:3    | Learned a level 6 spell: Deflect Missiles
 64711 | Elf:3    | Got a pair of heavily runed boots
 64717 | Elf:3    | Identified the +0 pair of boots of Odoitzu {Str+3} (You acquired it on level 3 of the Elven Halls)
 64941 | Lair:2   | Got a faintly humming scarf
 64952 | Lair:2   | Identified the scarf of Honour {Str+6 Dex+3 Stlth+} (You acquired it on level 2 of the Lair of Beasts)
 65226 | Elf:3    | Got a fine hand axe {freeze}
 65227 | Elf:3    | Identified the +10 hand axe of Plog {freeze, rC+} (You took it off a deep elf demonologist on level 3 of the Elven Halls)
 65234 | Elf:3    | Got a sapphire quarterstaff {crush}
 65235 | Elf:3    | Identified the cursed +3 quarterstaff of the Sea {crush, +Inv rElec Dex-5} (You took it off a deep elf annihilator on level 3 of the Elven Halls)
 65667 | Vaults:4 | Reached XP level 22. HP: 184/208 MP: 35/35
 65743 | Vaults:4 | Found a flickering gateway to a bazaar.
 65807 | Vaults:4 | Reached skill level 15 in Necromancy
 65816 | Vaults:4 | Reached skill level 15 in Armour
 65984 | Vaults:4 | Reached skill level 15 in Fighting
 67255 | Vaults:5 | Entered Level 5 of the Vaults
 67407 | Vaults:5 | Noticed an ancient lich
 67408 | Vaults:5 | Noticed a golden dragon
 67414 | Vaults:4 | Reached skill level 10 in Spellcasting
 67608 | Vaults:5 | Killed a golden dragon
 67611 | Vaults:5 | Killed an ancient lich
 67611 | Vaults:5 | Reached skill level 10 in Dodging
 68064 | Vaults:4 | Got a polished great sword
 68853 | Vaults:4 | Reached XP level 23. HP: 133/218 MP: 35/37
 68883 | Vaults:5 | HP: 8/218 [frost giant/bolt of cold (7)]
 68883 | Vaults:5 | Shot with a bolt by a yaktaur captain

Skill      XL: |  1  2  3  4  5  6  7  8  9 10 11 12 13 14 15 16 17 18 19 20 21 22 23 |
---------------+----------------------------------------------------------------------+-----
Spellcasting   | 2 4 5 6 7 8 9 10 | 10.6
Necromancy     | 5 6 7 8 9 10 12 13 14 16 | 16.1
Armour         | 2 3 6 7 11 13 14 15 16 | 16.0
Fighting       | 2 4 5 8 9 11 12 13 14 15 | 15.6
Maces & Flails | 1 3 |  3.0
Evocations     | 1 4 5 |  5.8
Axes           | 1 9 13 16 17 18 20 21 22 23 25 | 25.9
Charms         | 4 |  4.7
Dodging        | 4 6 7 8 10 | 10.6
Conjurations   | 4 |  4.0
Fire Magic     | 3 |  3.9
Poison Magic   | 2 |  2.5
Hexes          | 2 |  2.8
Translocations | 3 |  3.7
Air Magic      | 4 |  4.9
Stealth        | |  2.4

Action                   |  1- 3 |  4- 6 |  7- 9 | 10-12 | 13-15 | 16-18 | 19-21 | 22-24 || total
-------------------------+-------+-------+-------+-------+-------+-------+-------+-------++-------
Melee: Whip              |     3 |    28 |   340 |  1031 |   478 |     4 |       |       ||  1884
       War axe           |       |       |       |    26 |   254 |       |       |       ||   280
       Battleaxe         |       |       |       |       |   427 |   180 |       |       ||   607
       Executioner's axe |       |       |       |       |       |   712 |  1062 |   278 ||  2052
       Staff             |       |       |       |       |       |     8 |       |       ||     8
 Fire: Blowgun           |       |       |       |       |    32 |       |       |       ||    32
       Arbalest          |       |       |       |       |       |       |     1 |       ||     1
Throw: Tomahawk          |       |       |     2 |     8 |       |       |       |       ||    10
       Javelin           |       |       |       |       |     2 |       |       |       ||     2
       Throwing net      |       |       |       |       |       |       |     8 |       ||     8
 Cast: Pain              |    40 |     6 |    37 |    42 |    20 |    15 |       |       ||   160
       Vampiric Draining |     5 |    23 |    62 |   288 |   618 |   878 |   839 |   173 ||  2886
       Blink             |       |       |       |       |       |       |     8 |    14 ||    22
       Conjure Flame     |       |       |       |       |       |       |     6 |       ||     6
       Song of Slaying   |       |       |       |       |       |       |     4 |       ||     4
       Mephitic Cloud    |       |       |       |       |       |       |     1 |     6 ||     7
Invok: Call Merchant     |       |       |       |     4 |     4 |     2 |     2 |       ||    12
 Abil: Evoke Flight      |       |       |       |       |       |       |     4 |       ||     4
Evoke: Wand              |       |       |    13 |    24 |    77 |    22 |     2 |       ||   138
       Lightning rod     |       |       |       |       |     8 |     4 |       |       ||    12
       Phial of floods   |       |       |       |       |       |       |     1 |       ||     1
  Use: Scroll            |     4 |     1 |    12 |    12 |    16 |    14 |    14 |       ||    73
       Potion            |       |       |       |       |     4 |     5 |     9 |     1 ||    19
 Stab: Sleeping          |       |       |    12 |       |       |       |       |       ||    12
       Distracted        |       |       |     1 |     3 |    11 |     9 |     5 |     1 ||    30
       Invisible         |       |       |       |       |       |     2 |     2 |       ||     4
       Held in net/web   |       |       |       |       |       |       |     1 |       ||     1
  Eat: Bread ration      |     1 |       |       |       |     1 |    10 |     9 |     2 ||    23
       Chunk             |       |     4 |       |       |       |       |       |       ||     4
       Royal jelly       |       |       |     2 |     2 |     3 |     3 |     2 |       ||    12
       Fruit             |       |       |    10 |     1 |     6 |     6 |       |       ||    23
       Meat ration       |       |       |     3 |     5 |     6 |     2 |     1 |       ||    17
Armor: Robe              |     1 |       |       |       |       |       |       |       ||     1
       Leather armour    |       |     5 |    13 |       |       |       |       |       ||    18
       Ring mail         |       |       |    30 |       |       |    24 |       |       ||    54
       Chain mail        |       |       |    43 |   662 |   648 |   346 |   345 |       ||  2044
       Plate armour      |       |       |       |       |   395 |   802 |  1121 |   262 ||  2580
Dodge: Dodged            |     8 |    30 |   150 |   424 |   554 |   718 |   886 |   278 ||  3048
